Senators vs Flyers

Created - Monday, April 04, 2016 at 02:38

Goals
1 2 3 T
Senators 0 2 2 4
Flyers 2 0 1 3
Shots
1 2 3 T
Senators 9 12 6 27
Flyers 4 8 10 22

1st period

1. Flyers , Bryan Little 40 (Niklas Kronwall) at 8:38
2. Flyers , Adam Lowry 2 (Justin Faulk) at 9:25

Penalties :
Jarome Iginla (Ott) for Hooking (Minor) at 6:33, Evgeni Malkin (Phi) for Cross-checking (Minor) at 12:02, Jakub Voracek (Phi) for Hooking (Minor) at 14:43, Corey Perry (Phi) for Holding (Minor) at 17:50

2nd period

3. Senators , Jarome Iginla 43 (Jonathan Toews, Michael Grabner) at 5:04
4. Senators , Loui Eriksson 31 (Jonathan Toews) at 17:35 (PP)

Penalties :
Zach Bogosian (Ott) for Slashing (Minor) at 7:15, Evgeni Malkin (Phi) for Hooking (Minor) at 13:24, Jakub Voracek (Phi) for Roughing (Minor) at 17:34, Jakub Voracek (Phi) for Fighting (Major) at 17:44, Dion Phaneuf (Ott) for Fighting (Major) at 17:44

3rd period

5. Senators , Jarome Iginla 44 (Johnny Boychuk, Jonathan Toews) at 0:08
6. Flyers , Jakub Voracek 33 (Mark Giordano) at 6:03 (PP)
7. Senators , Jarome Iginla 45 (Jonathan Toews) at 7:32

Penalties :
Justin Faulk (Phi) for Roughing (Double Minor) at 0:39, Barret Jackman (Phi) for Tripping (Minor) at 2:13, Boone Jenner (Ott) for Hooking (Minor) at 5:40, Kyle Okposo (Phi) for Cross-checking (Minor) at 16:41, Zach Bogosian (Ott) for Tripping (Minor) at 17:25, Taylor Hall (Phi) for Hooking (Minor) at 19:36

Goalie Stats

Steve Mason (Ott), 19 saves from 22 shots - (0.864), W, 43-21-7, 60:00 minutes
Corey Crawford (Phi), 23 saves from 27 shots - (0.852), L, 46-18-2, 59:03 minutes

Players Stats for Senators

Player Name              G  A  P  +/- PIM S  H  SB GA TA FO     MP     PP MP  PK MP  
------------------------------------------------------------------------------------
Boone Jenner             0  0  0  -1  2   3  2  1  1  2  6/10   18:44   6:32   3:12 
Dave Bolland             0  0  0  -2  0   1  0  0  0  0  2/7     9:49   0:00   2:12 
Dion Phaneuf             0  0  0   1  5   1  5  4  0  2  0/0    23:47   6:05   2:51 
Jake Gardiner            0  0  0  -1  0   0  0  0  0  0  0/0    11:32   0:00   0:00 
Jarome Iginla            3  0  3   2  2   5  3  0  1  0  1/1    21:17   6:31   0:17 
Joe Colborne             0  0  0   0  0   1  0  0  1  0  0/0     8:34   0:00   0:00 
Johnny Boychuk           0  1  1   2  0   1  1  2  0  1  0/0    25:34   7:36   3:08 
Johnny Oduya             0  0  0  -1  0   0  0  1  0  0  0/0    13:24   0:28   0:53 
Jonathan Toews           0  4  4   3  0   5  0  0  3  0  15/20  21:12   6:31   0:17 
Kyle Chipchura           0  0  0  -1  0   0  0  0  0  0  0/1     7:56   0:00   0:25 
Kyle Turris              0  0  0   0  0   0  0  1  2  0  8/15   17:27   6:32   0:00 
Loui Eriksson            1  0  1   0  0   3  1  1  1  1  0/0    18:04   6:27   0:00 
Michael Grabner          0  1  1   3  0   0  0  2  2  1  1/3    16:19   0:04   3:36 
Phil Kessel              0  0  0   0  0   1  0  0  1  0  0/1    17:27   6:32   0:00 
Steve Downie             0  0  0  -1  0   1  0  0  3  0  1/1     7:31   0:00   0:00 
Tyler Myers              0  0  0   1  0   2  1  3  0  0  0/0    25:29   6:30   2:14 
Valeri Nichushkin        0  0  0   0  0   1  0  0  1  0  0/0     8:54   0:00   0:11 
Zach Bogosian            0  0  0   0  4   2  3  2  0  1  0/0    20:30   5:26   1:04 

Players Stats for Flyers

Player Name              G  A  P  +/- PIM S  H  SB GA TA FO     MP     PP MP  PK MP  
------------------------------------------------------------------------------------
Adam Lowry               1  0  1   1  0   1  0  0  0  0  0/0     3:59   0:00   0:56 
Barret Jackman           0  0  0  -1  2   1  0  0  0  1  0/0    15:29   0:00   4:27 
Bryan Little             1  0  1  -1  0   2  0  1  1  2  6/20   23:02   2:03   8:19 
Chris Kreider            0  0  0  -1  0   0  1  0  2  0  1/1     8:59   0:15   0:00 
Corey Perry              0  0  0   0  2   1  2  0  2  0  0/2    16:10   2:44   0:00 
Evgeni Malkin            0  0  0   0  4   1  1  0  2  0  12/20  18:56   2:47   0:15 
Gabriel Landeskog        0  0  0  -1  0   1  2  0  1  1  0/2    16:45   0:15   6:03 
Jakub Voracek            1  0  1   0  9   1  1  1  3  0  0/0    15:34   2:44   0:05 
Jay McClement            0  0  0  -1  0   0  0  2  0  0  3/4     8:56   0:00   2:50 
Justin Faulk             0  1  1   2  4   2  1  3  0  2  0/0    15:24   1:32   0:00 
Kyle Okposo              0  0  0  -1  2   2  0  0  1  0  0/2    14:48   2:06   0:00 
Mark Giordano            0  1  1  -2  0   4  1  1  0  0  0/0    28:34   3:33   7:48 
Nate Thompson            0  0  0   1  0   1  0  0  0  0  2/4     6:06   0:00   0:00 
Niklas Kronwall          0  1  1   2  0   0  1  5  0  2  0/0    22:01   1:32   5:15 
P.K. Subban              0  0  0  -2  0   3  0  1  0  1  0/0    28:34   3:33   7:48 
Riley Nash               0  0  0   1  0   1  0  2  0  1  1/1    12:34   0:15   4:44 
Slava Voynov             0  0  0  -1  0   0  0  0  0  0  0/0    10:37   0:00   0:58 
Taylor Hall              0  0  0  -1  2   1  1  1  2  0  0/3    17:05   2:06   0:49 

3 Stars

1 - Jarome Iginla (Ott)
2 - Jonathan Toews (Ott)
3 - Niklas Kronwall (Phi)

Power Play

Senators - 1 on 10 Attempt(s) - 10.00%
Flyers - 1 on 4 Attempt(s) - 25.00%

Penalty Kill

Senators - 3 on 4 Attempt(s) - 75.00% - Score 0 goal in Penalty Kill
Flyers - 9 on 10 Attempt(s) - 90.00% - Score 0 goal in Penalty Kill

Team Stat

Senators - Hits : 16 - Faceoff Wins : 34 - Blocked Shots : 17 - Penalty Minutes : 13
Flyers - Hits : 11 - Faceoff Wins : 25 - Blocked Shots : 17 - Penalty Minutes : 25

Official

Referees : Unknown
Linesman : Unknown

Game Notes

Adam Lowry is injured at 9:59 of 2nd period (Bruised Right Foot)
Dion Phaneuf beats up Jakub Voracek at 17:44 of 2nd period
Jarome Iginla has scored a Hat Trick!

Finance

Level 1 -- Attendance: 5297 (88.28%) -- Ticket Income $429,057
Level 2 -- Attendance: 5000 (100.00%) -- Ticket Income $260,000
Level 3 -- Attendance: 1894 (94.70%) -- Ticket Income $56,820
Level 4 -- Attendance: 4000 (100.00%) -- Ticket Income $72,000
Luxury Box -- Attendance: 1000 (100.00%) -- Ticket Income $178,000
Game was played at the Wachovia Center.
Total Attendance: 17191 (95.51%)
Total Ticket Income: $995,877
Other Income: $487,980
Total Income: $1,483,857

Senators

5 vs 5 Forward 
   Center                   Left Wing                Right Wing               Time % Phy DF OF 
 1 Jonathan Toews           Michael Grabner          Jarome Iginla            35     1   2  2  
 2 Kyle Turris              Loui Eriksson            Phil Kessel              30     1   2  2  
 3 Boone Jenner             Valeri Nichushkin        Joe Colborne             22     1   2  2  
 4 Dave Bolland             Steve Downie             Kyle Chipchura           13     1   2  2  

5 vs 5 Defense 
   Defense                  Defense                                           Time % Phy DF OF 
 1 Dion Phaneuf             Johnny Boychuk                                    35     1   2  2  
 2 Zach Bogosian            Tyler Myers                                       30     1   2  2  
 3 Jake Gardiner            Johnny Oduya                                      22     1   2  2  
 4 Dion Phaneuf             Tyler Myers                                       13     1   2  2  

PowerPlay Forward 
   Center                   Left Wing                Right Wing               Time % Phy DF OF 
 1 Jonathan Toews           Loui Eriksson            Jarome Iginla            60     1   2  2  
 2 Kyle Turris              Boone Jenner             Phil Kessel              40     1   2  2  

PowerPlay Defense
   Defense                  Defense                                           Time % Phy DF OF 
 1 Dion Phaneuf             Johnny Boychuk                                    60     1   2  2  
 2 Zach Bogosian            Tyler Myers                                       40     1   2  2  

Penalty Kill 4 Players Forward 
   Center                   Wing                     Time % Phy DF OF 
 1 Boone Jenner             Michael Grabner          60     1   2  2  
 2 Dave Bolland             Kyle Chipchura           40     1   2  2  

Penalty Kill 4 Players Defense
   Defense                  Defense                  Time % Phy DF OF 
 1 Dion Phaneuf             Johnny Boychuk           60     1   2  2  
 2 Zach Bogosian            Tyler Myers              40     1   2  2  

Penalty Kill - 3 Players Forward 
   Forward                                           Time % Phy DF OF 
 1 Jonathan Toews                                    60     1   2  2  
 2 Jarome Iginla                                     40     1   2  2  

Penalty Kill - 3 Players Defense
   Defense                  Defense                  Time % Phy DF OF 
 1 Dion Phaneuf             Johnny Boychuk           60     1   2  2  
 2 Zach Bogosian            Tyler Myers              40     1   2  2  

4 vs 4 Forward 
   Center                   Wing                     Time % Phy DF OF 
 1 Jonathan Toews           Jarome Iginla            60     1   2  2  
 2 Kyle Turris              Phil Kessel              40     1   2  2  

4 vs 4 Defense
   Defense                  Defense                  Time % Phy DF OF 
 1 Dion Phaneuf             Tyler Myers              60     1   2  2  
 2 Johnny Boychuk           Zach Bogosian            40     1   2  2  

Last Minutes Offensive
   Center                   Left Wing                Right Wing               Defense                  Defense                  
   Jonathan Toews           Loui Eriksson            Jarome Iginla            Dion Phaneuf             Johnny Boychuk           

Last Minutes Defensive
   Center                   Left Wing                Right Wing               Defense                  Defense                  
   Jonathan Toews           Loui Eriksson            Jarome Iginla            Dion Phaneuf             Tyler Myers              

Goaltenders
Starting : Steve Mason              
Backup : Jacob Markstrom          

Extra Forwards
Normal : Jonathan Toews, Michael Grabner, Dave Bolland - PP : Jonathan Toews, Michael Grabner - PK : Dave Bolland
Extra Defensemen
Normal : Tyler Myers, Zach Bogosian, Dion Phaneuf - PP : Tyler Myers - PK : Zach Bogosian, Dion Phaneuf
Penalty Shots
Jonathan Toews, Jarome Iginla, Kyle Turris, Phil Kessel, Loui Eriksson

Flyers

5 vs 5 Forward 
   Center                   Left Wing                Right Wing               Time % Phy DF OF 
 1 Evgeni Malkin            Jakub Voracek            Corey Perry              40     0   0  5  
 2 Bryan Little             Taylor Hall              Kyle Okposo              35     0   1  4  
 3 Jay McClement            Gabriel Landeskog        Chris Kreider            15     0   4  1  
 4 Nate Thompson            Adam Lowry               Riley Nash               10     0   4  1  

5 vs 5 Defense 
   Defense                  Defense                                           Time % Phy DF OF 
 1 P.K. Subban              Mark Giordano                                     35     0   1  4  
 2 Justin Faulk             Niklas Kronwall                                   35     0   2  3  
 3 Barret Jackman           Slava Voynov                                      20     0   2  3  
 4 P.K. Subban              Mark Giordano                                     10     0   3  2  

PowerPlay Forward 
   Center                   Left Wing                Right Wing               Time % Phy DF OF 
 1 Evgeni Malkin            Jakub Voracek            Corey Perry              60     0   0  5  
 2 Bryan Little             Taylor Hall              Kyle Okposo              40     0   0  5  

PowerPlay Defense
   Defense                  Defense                                           Time % Phy DF OF 
 1 P.K. Subban              Mark Giordano                                     60     0   1  4  
 2 Justin Faulk             Niklas Kronwall                                   40     0   1  4  

Penalty Kill 4 Players Forward 
   Center                   Wing                     Time % Phy DF OF 
 1 Bryan Little             Gabriel Landeskog        60     0   4  1  
 2 Jay McClement            Riley Nash               40     0   5  0  

Penalty Kill 4 Players Defense
   Defense                  Defense                  Time % Phy DF OF 
 1 P.K. Subban              Mark Giordano            60     0   4  1  
 2 Barret Jackman           Niklas Kronwall          40     0   5  0  

Penalty Kill - 3 Players Forward 
   Forward                                           Time % Phy DF OF 
 1 Bryan Little                                      60     0   5  0  
 2 Jay McClement                                     40     0   5  0  

Penalty Kill - 3 Players Defense
   Defense                  Defense                  Time % Phy DF OF 
 1 P.K. Subban              Mark Giordano            60     0   5  0  
 2 Barret Jackman           Niklas Kronwall          40     0   5  0  

4 vs 4 Forward 
   Center                   Wing                     Time % Phy DF OF 
 1 Evgeni Malkin            Taylor Hall              60     0   0  5  
 2 Bryan Little             Gabriel Landeskog        40     0   2  3  

4 vs 4 Defense
   Defense                  Defense                  Time % Phy DF OF 
 1 P.K. Subban              Mark Giordano            60     0   0  5  
 2 Justin Faulk             Niklas Kronwall          40     0   2  3  

Last Minutes Offensive
   Center                   Left Wing                Right Wing               Defense                  Defense                  
   Evgeni Malkin            Jakub Voracek            Corey Perry              P.K. Subban              Mark Giordano            

Last Minutes Defensive
   Center                   Left Wing                Right Wing               Defense                  Defense                  
   Bryan Little             Gabriel Landeskog        Corey Perry              P.K. Subban              Mark Giordano            

Goaltenders
Starting : Corey Crawford           
Backup : Darcy Kuemper            

Extra Forwards
Normal : Gabriel Landeskog, Chris Kreider, Riley Nash - PP : Gabriel Landeskog, Chris Kreider - PK : Riley Nash
Extra Defensemen
Normal : Slava Voynov, Barret Jackman, Niklas Kronwall - PP : Slava Voynov - PK : Justin Faulk, Slava Voynov
Penalty Shots
Corey Perry, Evgeni Malkin, Kyle Okposo, Jakub Voracek, Bryan Little

% Time on Ice - Senators

Lines # - Real PCT - Wanted PCT - Time Play
Normal Forward
1 - 33% - 35% - 13:36
2 - 27% - 30% - 10:56
3 - 21% - 22% - 8:34
4 - 19% - 13% - 7:31
Normal Defense
1 - 35% - 35% - 14:14
2 - 31% - 30% - 12:44
3 - 28% - 22% - 11:32
4 - 5% - 13% - 2:07
PP Forward
1 - 50% - 60% - 6:31
2 - 50% - 40% - 6:32
PP Defense
1 - 58% - 60% - 7:36
2 - 42% - 40% - 5:27
PK Forward
1 - 92% - 60% - 4:40
2 - 8% - 40% - 0:25
PK Defense
1 - 56% - 60% - 2:51
2 - 44% - 40% - 2:14
PK3 Forward
1 - 0% - 60%
2 - 0% - 40%
PK3 Defense
1 - 0% - 60%
2 - 0% - 40%
44 Forward
1 - 100% - 60% - 1:15
2 - 0% - 40% - 0:00
44 Defense
1 - 51% - 60% - 0:38
2 - 49% - 40% - 0:37
Last Minute Offensive  - 0:00
Last Minute Defensive  - 0:00
Total
Forward - 60:00
Defense - 60:00

% Time on Ice - Flyers

Lines # - Real PCT - Wanted PCT - Time Play
Normal Forward
1 - 39% - 40% - 15:41
2 - 31% - 35% - 12:43
3 - 15% - 15% - 6:06
4 - 15% - 10% - 6:07
Normal Defense
1 - 38% - 35% - 15:31
2 - 36% - 35% - 14:36
3 - 23% - 20% - 9:25
4 - 3% - 10% - 1:05
PP Forward
1 - 60% - 60% - 3:02
2 - 40% - 40% - 2:03
PP Defense
1 - 70% - 60% - 3:33
2 - 30% - 40% - 1:32
PK Forward
1 - 74% - 60% - 8:14
2 - 26% - 40% - 2:50
PK Defense
1 - 57% - 60% - 6:21
2 - 43% - 40% - 4:43
PK3 Forward
1 - 100% - 60% - 1:59
2 - 0% - 40% - 0:00
PK3 Defense
1 - 73% - 60% - 1:27
2 - 27% - 40% - 0:32
44 Forward
1 - 100% - 60% - 1:15
2 - 0% - 40% - 0:00
44 Defense
1 - 49% - 60% - 0:37
2 - 51% - 40% - 0:38
Last Minute Offensive  - 0:00
Last Minute Defensive  - 0:00
Total
Forward - 60:00
Defense - 60:00

Play by Play

1st period


0:01 of 1st period - Jonathan Toews wins face-off versus Evgeni Malkin in neutral zone.
0:23 of 1st period - Snap shot by Evgeni Malkin.
0:23 of 1st period - Shot Blocked by Michael Grabner.
1:01 of 1st period - Snap shot by Taylor Hall.
1:01 of 1st period - Stopped by Steve Mason with a rebound.
2:24 of 1st period - Wrist shot by Adam Lowry.
2:24 of 1st period - Deflect By Nate Thompson.
2:24 of 1st period - Stopped by Steve Mason without a rebound.
2:25 of 1st period - Boone Jenner wins face-off versus Corey Perry in Senators zone.
2:25 of 1st period - Boone Jenner is hit by Jakub Voracek.
3:29 of 1st period - Wrist shot by Jonathan Toews.
3:29 of 1st period - Deflect By Kyle Okposo.
3:29 of 1st period - Stopped by Corey Crawford without a rebound.
3:30 of 1st period - Dave Bolland wins face-off versus Nate Thompson in Flyers zone.
3:41 of 1st period - Kyle Chipchura is hit by Niklas Kronwall and loses puck.
4:32 of 1st period - Barret Jackman is hit by Jarome Iginla and loses puck.
4:41 of 1st period - Wrist shot by Jonathan Toews.
4:41 of 1st period - Shot Misses the Net.
4:43 of 1st period - Slapshot by Tyler Myers.
4:43 of 1st period - Deflect By Bryan Little.
4:43 of 1st period - Stopped by Corey Crawford without a rebound.
4:44 of 1st period - Evgeni Malkin wins face-off versus Boone Jenner in Flyers zone.
5:00 of 1st period - Slapshot by Boone Jenner.
5:00 of 1st period - Stopped by Corey Crawford without a rebound.
5:01 of 1st period - Evgeni Malkin wins face-off versus Boone Jenner in Flyers zone.
5:22 of 1st period - Mark Giordano is hit by Zach Bogosian and loses puck.
6:00 of 1st period - Snap shot by Jarome Iginla.
6:00 of 1st period - Stopped by Corey Crawford without a rebound.
6:01 of 1st period - Jay McClement wins face-off versus Jonathan Toews in Flyers zone.
6:33 of 1st period - Minor Penalty to Jarome Iginla for Hooking.
6:34 of 1st period - Boone Jenner wins face-off versus Evgeni Malkin in Senators zone.
6:53 of 1st period - Snap shot by Boone Jenner.
6:53 of 1st period - Shot Blocked by Mark Giordano.
6:55 of 1st period - Slapshot by Johnny Boychuk.
6:55 of 1st period - Deflect By Boone Jenner.
6:55 of 1st period - Stopped by Corey Crawford with a rebound.
7:07 of 1st period - Wrist shot by Evgeni Malkin.
7:07 of 1st period - Shot Blocked by Dion Phaneuf.
8:15 of 1st period - Dave Bolland is hit by Justin Faulk and loses puck.
8:22 of 1st period - Justin Faulk is hit by Zach Bogosian.
8:33 of 1st period - Penalty to Jarome Iginla is over, Jarome Iginla is back on ice.
8:38 of 1st period - Backhand shot by Bryan Little.
8:38 of 1st period - Goal by Bryan Little - Senators : 0 - Flyers : 1.
8:39 of 1st period - Jay McClement wins face-off versus Kyle Turris in neutral zone.
9:05 of 1st period - Snap shot by Chris Kreider.
9:05 of 1st period - Deflect By Dion Phaneuf.
9:05 of 1st period - Shot Blocked by Johnny Boychuk.
9:05 of 1st period - Puck is out of play.
9:06 of 1st period - Nate Thompson wins face-off versus Dave Bolland in Senators zone.
9:25 of 1st period - Wrist shot by Adam Lowry.
9:25 of 1st period - Goal by Adam Lowry - Senators : 0 - Flyers : 2.
9:26 of 1st period - Evgeni Malkin wins face-off versus Phil Kessel in neutral zone.
9:57 of 1st period - Wrist shot by Phil Kessel.
9:57 of 1st period - Stopped by Corey Crawford without a rebound.
9:58 of 1st period - Jonathan Toews wins face-off versus Bryan Little in Flyers zone.
10:19 of 1st period - Snap shot by Jonathan Toews.
10:19 of 1st period - Shot Misses the Net.
10:21 of 1st period - Wrist shot by Jake Gardiner.
10:21 of 1st period - Shot Misses the Net.
10:23 of 1st period - Wrist shot by Michael Grabner.
10:23 of 1st period - Deflect By Jonathan Toews.
10:23 of 1st period - Stopped by Corey Crawford with a rebound.
11:16 of 1st period - Slapshot by P.K. Subban.
11:16 of 1st period - Shot Misses the Net.
11:18 of 1st period - Wrist shot by Jay McClement.
11:18 of 1st period - Deflect By Gabriel Landeskog.
11:18 of 1st period - Deflect By Johnny Oduya.
11:18 of 1st period - Shot Blocked by Boone Jenner.
11:18 of 1st period - Puck is out of play.
11:19 of 1st period - Kyle Turris wins face-off versus Evgeni Malkin in Senators zone.
12:02 of 1st period - Minor Penalty to Evgeni Malkin for Cross-checking.
12:03 of 1st period - Bryan Little wins face-off versus Jonathan Toews in Flyers zone.
12:32 of 1st period - Wrist shot by Jonathan Toews.
12:32 of 1st period - Shot Misses the Net.
12:54 of 1st period - P.K. Subban is hit by Boone Jenner and loses puck.
14:02 of 1st period - Penalty to Evgeni Malkin is over, Evgeni Malkin is back on ice.
14:09 of 1st period - Riley Nash is hit by Dion Phaneuf and loses puck.
14:43 of 1st period - Minor Penalty to Jakub Voracek for Hooking.
14:44 of 1st period - Boone Jenner wins face-off versus Bryan Little in Flyers zone.
15:20 of 1st period - Mark Giordano is hit by Dion Phaneuf and loses puck.
16:43 of 1st period - Penalty to Jakub Voracek is over, Jakub Voracek is back on ice.
16:45 of 1st period - Mark Giordano is hit by Dion Phaneuf and loses puck.
17:07 of 1st period - Off-side.
17:08 of 1st period - Evgeni Malkin wins face-off versus Dave Bolland in neutral zone.
17:15 of 1st period - Slapshot by Evgeni Malkin.
17:15 of 1st period - Shot Misses the Net.
17:25 of 1st period - Slapshot by Dave Bolland.
17:25 of 1st period - Shot Misses the Net.
17:27 of 1st period - Wrist shot by Steve Downie.
17:27 of 1st period - Stopped by Corey Crawford with a rebound.
17:29 of 1st period - Slapshot by Johnny Oduya.
17:29 of 1st period - Shot Hit the Post.
17:31 of 1st period - Slapshot by Jake Gardiner.
17:31 of 1st period - Shot Misses the Net.
17:33 of 1st period - Slapshot by Johnny Oduya.
17:33 of 1st period - Shot Blocked by Niklas Kronwall.
17:50 of 1st period - Minor Penalty to Corey Perry for Holding.
17:51 of 1st period - Jonathan Toews wins face-off versus Bryan Little in Flyers zone.
18:46 of 1st period - Tyler Myers is hit by Gabriel Landeskog and loses puck.
19:19 of 1st period - Snap shot by Jonathan Toews.
19:19 of 1st period - Shot Misses the Net.
19:21 of 1st period - Backhand shot by Johnny Boychuk.
19:21 of 1st period - Shot Misses the Net.
19:23 of 1st period - Slapshot by Johnny Boychuk.
19:23 of 1st period - Shot Blocked by Niklas Kronwall.
19:25 of 1st period - Snap shot by Jarome Iginla.
19:25 of 1st period - Stopped by Corey Crawford with a rebound.
19:27 of 1st period - Backhand shot by Dion Phaneuf.
19:27 of 1st period - Shot Blocked by Jay McClement.
19:50 of 1st period - Penalty to Corey Perry is over, Corey Perry is back on ice.
Goals for this period are 0 for Senators vs 2 for Flyers.
Shots for this period are 9 for Senators vs 4 for Flyers.

2nd period


0:01 of 2nd period - Michael Grabner wins face-off versus Bryan Little in neutral zone.
0:33 of 2nd period - Wrist shot by Jonathan Toews.
0:33 of 2nd period - Stopped by Corey Crawford with a rebound.
0:35 of 2nd period - Snap shot by Johnny Boychuk.
0:35 of 2nd period - Shot Blocked by Taylor Hall.
0:37 of 2nd period - Slapshot by Johnny Boychuk.
0:37 of 2nd period - Shot Misses the Net.
1:02 of 2nd period - Barret Jackman is hit by Dion Phaneuf and loses puck.
1:53 of 2nd period - Tyler Myers is hit by Gabriel Landeskog.
1:56 of 2nd period - Off-side.
1:57 of 2nd period - Jay McClement wins face-off versus Dave Bolland in neutral zone.
2:08 of 2nd period - Off-side.
2:09 of 2nd period - Nate Thompson wins face-off versus Dave Bolland in neutral zone.
2:20 of 2nd period - Snap shot by Dave Bolland.
2:20 of 2nd period - Stopped by Corey Crawford with a rebound.
2:22 of 2nd period - Snap shot by Jake Gardiner.
2:22 of 2nd period - Shot Blocked by Riley Nash.
2:24 of 2nd period - Snap shot by Johnny Oduya.
2:24 of 2nd period - Shot Blocked by Riley Nash.
3:08 of 2nd period - P.K. Subban is hit by Jarome Iginla.
3:12 of 2nd period - Snap shot by Taylor Hall.
3:12 of 2nd period - Shot Misses the Net.
3:14 of 2nd period - Slapshot by P.K. Subban.
3:14 of 2nd period - Shot Blocked by Michael Grabner.
3:16 of 2nd period - Slapshot by Mark Giordano.
3:16 of 2nd period - Stopped by Steve Mason without a rebound.
3:17 of 2nd period - Evgeni Malkin wins face-off versus Kyle Turris in Senators zone.
3:54 of 2nd period - Off-side.
3:55 of 2nd period - Bryan Little wins face-off versus Boone Jenner in neutral zone.
4:07 of 2nd period - Wrist shot by Taylor Hall.
4:07 of 2nd period - Shot Blocked by Zach Bogosian.
4:09 of 2nd period - Snap shot by Bryan Little.
4:09 of 2nd period - Shot Misses the Net.
4:11 of 2nd period - Wrist shot by Barret Jackman.
4:11 of 2nd period - Stopped by Steve Mason with a rebound.
4:13 of 2nd period - Snap shot by Bryan Little.
4:13 of 2nd period - Shot Misses the Net.
4:15 of 2nd period - Slapshot by Taylor Hall.
4:15 of 2nd period - Shot Misses the Net.
4:49 of 2nd period - Jay McClement is hit by Zach Bogosian and loses puck.
5:04 of 2nd period - Wrist shot by Jarome Iginla.
5:04 of 2nd period - Goal by Jarome Iginla - Senators : 1 - Flyers : 2.
5:05 of 2nd period - Jonathan Toews wins face-off versus Evgeni Malkin in neutral zone.
5:14 of 2nd period - Slapshot by Jonathan Toews.
5:14 of 2nd period - Shot Misses the Net.
5:16 of 2nd period - Slapshot by Dion Phaneuf.
5:16 of 2nd period - Shot Misses the Net.
5:18 of 2nd period - Slapshot by Jarome Iginla.
5:18 of 2nd period - Shot Misses the Net.
5:20 of 2nd period - Slapshot by Dion Phaneuf.
5:20 of 2nd period - Stopped by Corey Crawford with a rebound.
5:22 of 2nd period - Snap shot by Dion Phaneuf.
5:22 of 2nd period - Shot Blocked by Jakub Voracek.
7:15 of 2nd period - Minor Penalty to Zach Bogosian for Slashing.
7:16 of 2nd period - Boone Jenner wins face-off versus Taylor Hall in Senators zone.
7:30 of 2nd period - Snap shot by Bryan Little.
7:30 of 2nd period - Shot Misses the Net.
7:56 of 2nd period - Wrist shot by Taylor Hall.
7:56 of 2nd period - Shot Blocked by Dion Phaneuf.
7:58 of 2nd period - Slapshot by P.K. Subban.
7:58 of 2nd period - Deflect By Dion Phaneuf.
7:58 of 2nd period - Stopped by Steve Mason with a rebound.
8:14 of 2nd period - Wrist shot by Evgeni Malkin.
8:14 of 2nd period - Shot Blocked by Johnny Boychuk.
9:12 of 2nd period - Wrist shot by Gabriel Landeskog.
9:12 of 2nd period - Shot Blocked by Johnny Oduya.
9:14 of 2nd period - Snap shot by P.K. Subban.
9:14 of 2nd period - Stopped by Steve Mason with a rebound.
9:15 of 2nd period - Penalty to Zach Bogosian is over, Zach Bogosian is back on ice.
9:27 of 2nd period - Icing by Mark Giordano.
9:28 of 2nd period - Kyle Turris wins face-off versus Gabriel Landeskog in Flyers zone.
9:39 of 2nd period - Johnny Boychuk is hit by Chris Kreider.
9:58 of 2nd period - Adam Lowry is hit by Loui Eriksson and loses puck.
9:59 of 2nd period - Adam Lowry from Flyers is injured at 9:59 of 2nd period (Bruised Right Foot).
10:00 of 2nd period - Jonathan Toews wins face-off versus Bryan Little in Flyers zone.
10:23 of 2nd period - Snap shot by Kyle Okposo.
10:23 of 2nd period - Shot Misses the Net.
10:25 of 2nd period - Snap shot by Mark Giordano.
10:25 of 2nd period - Stopped by Steve Mason without a rebound.
10:26 of 2nd period - Kyle Turris wins face-off versus Evgeni Malkin in Senators zone.
10:33 of 2nd period - Snap shot by Phil Kessel.
10:33 of 2nd period - Shot Misses the Net.
10:35 of 2nd period - Slapshot by Zach Bogosian.
10:35 of 2nd period - Stopped by Corey Crawford with a rebound.
10:39 of 2nd period - Slapshot by Loui Eriksson.
10:39 of 2nd period - Shot Blocked by Justin Faulk.
10:41 of 2nd period - Slapshot by Tyler Myers.
10:41 of 2nd period - Stopped by Corey Crawford without a rebound.
10:42 of 2nd period - Kyle Turris wins face-off versus Corey Perry in Flyers zone.
10:57 of 2nd period - Tyler Myers is hit by Corey Perry and loses puck.
11:05 of 2nd period - Snap shot by Loui Eriksson.
11:05 of 2nd period - Stopped by Corey Crawford with a rebound.
11:07 of 2nd period - Wrist shot by Kyle Turris.
11:07 of 2nd period - Shot Blocked by Justin Faulk.
11:27 of 2nd period - Snap shot by Kyle Okposo.
11:27 of 2nd period - Stopped by Steve Mason without a rebound.
11:28 of 2nd period - Jonathan Toews wins face-off versus Taylor Hall in Senators zone.
13:24 of 2nd period - Minor Penalty to Evgeni Malkin for Hooking.
13:25 of 2nd period - Jonathan Toews wins face-off versus Bryan Little in Flyers zone.
13:54 of 2nd period - Snap shot by Jarome Iginla.
13:54 of 2nd period - Shot Misses the Net.
14:33 of 2nd period - Icing by Boone Jenner.
14:34 of 2nd period - Kyle Turris wins face-off versus Bryan Little in Senators zone.
15:24 of 2nd period - Penalty to Evgeni Malkin is over, Evgeni Malkin is back on ice.
16:06 of 2nd period - Wrist shot by Dave Bolland.
16:06 of 2nd period - Shot Blocked by Niklas Kronwall.
16:42 of 2nd period - Wrist shot by Chris Kreider.
16:42 of 2nd period - Shot Misses the Net.
17:09 of 2nd period - Snap shot by Taylor Hall.
17:09 of 2nd period - Shot Misses the Net.
17:13 of 2nd period - Wrist shot by Kyle Okposo.
17:13 of 2nd period - Stopped by Steve Mason without a rebound.
17:14 of 2nd period - Chris Kreider wins face-off versus Kyle Turris in Senators zone.
17:31 of 2nd period - Wrist shot by Loui Eriksson.
17:31 of 2nd period - Stopped by Corey Crawford without a rebound.
17:32 of 2nd period - Evgeni Malkin wins face-off versus Kyle Turris in Flyers zone.
17:34 of 2nd period - Minor Penalty to Jakub Voracek for Roughing.
17:35 of 2nd period - Jonathan Toews wins face-off versus Bryan Little in Flyers zone.
17:35 of 2nd period - Wrist shot by Loui Eriksson.
17:35 of 2nd period - Goal by Loui Eriksson - Senators : 2 - Flyers : 2.
17:36 of 2nd period - Evgeni Malkin wins face-off versus Michael Grabner in neutral zone.
17:44 of 2nd period - Dion Phaneuf beats up Jakub Voracek.
17:44 of 2nd period - Penalty to Jakub Voracek for Fighting.
17:44 of 2nd period - Penalty to Dion Phaneuf for Fighting.
17:45 of 2nd period - Bryan Little wins face-off versus Jonathan Toews in neutral zone.
18:17 of 2nd period - Snap shot by Jonathan Toews.
18:17 of 2nd period - Stopped by Corey Crawford with a rebound.
18:19 of 2nd period - Slapshot by Zach Bogosian.
18:19 of 2nd period - Stopped by Corey Crawford with a rebound.
18:48 of 2nd period - Slava Voynov is hit by Tyler Myers and loses puck.
19:11 of 2nd period - Wrist shot by Corey Perry.
19:11 of 2nd period - Stopped by Steve Mason without a rebound.
19:12 of 2nd period - Boone Jenner wins face-off versus Nate Thompson in Senators zone.
19:40 of 2nd period - Gabriel Landeskog is hit by Boone Jenner and loses puck.
19:47 of 2nd period - Snap shot by Valeri Nichushkin.
19:47 of 2nd period - Stopped by Corey Crawford with a rebound.
19:59 of 2nd period - Steve Downie is hit by Corey Perry and loses puck.
Goals for this period are 2 for Senators vs 0 for Flyers.
Shots for this period are 12 for Senators vs 8 for Flyers.

3rd period


0:01 of 3rd period - Jonathan Toews wins face-off versus Bryan Little in neutral zone.
0:04 of 3rd period - Snap shot by Jonathan Toews.
0:04 of 3rd period - Shot Misses the Net.
0:06 of 3rd period - Slapshot by Johnny Boychuk.
0:06 of 3rd period - Shot Blocked by P.K. Subban.
0:08 of 3rd period - Snap shot by Jarome Iginla.
0:08 of 3rd period - Goal by Jarome Iginla - Senators : 3 - Flyers : 2.
0:09 of 3rd period - Jonathan Toews wins face-off versus Kyle Okposo in neutral zone.
0:39 of 3rd period - Double Minor Penalty to Justin Faulk for Roughing.
0:40 of 3rd period - Bryan Little wins face-off versus Kyle Turris in Flyers zone.
1:02 of 3rd period - Bryan Little is hit by Johnny Boychuk and loses puck.
1:45 of 3rd period - Wrist shot by Jonathan Toews.
1:45 of 3rd period - Deflect By Loui Eriksson.
1:45 of 3rd period - Shot Misses the Net.
1:45 of 3rd period - Puck is out of play.
1:46 of 3rd period - Jonathan Toews wins face-off versus Jay McClement in Flyers zone.
2:05 of 3rd period - Snap shot by Jonathan Toews.
2:05 of 3rd period - Shot Misses the Net.
2:07 of 3rd period - Backhand shot by Johnny Oduya.
2:07 of 3rd period - Shot Blocked by Jay McClement.
2:13 of 3rd period - Minor Penalty to Barret Jackman for Tripping.
2:14 of 3rd period - Kyle Turris wins face-off versus Bryan Little in Flyers zone.
2:44 of 3rd period - Penalty to Jakub Voracek is over, Jakub Voracek is back on ice.
3:18 of 3rd period - Wrist shot by Loui Eriksson.
3:18 of 3rd period - Shot Misses the Net.
3:38 of 3rd period - Wrist shot by Boone Jenner.
3:38 of 3rd period - Shot Misses the Net.
3:40 of 3rd period - Slapshot by Zach Bogosian.
3:40 of 3rd period - Deflect By Kyle Turris.
3:40 of 3rd period - Shot Misses the Net.
3:40 of 3rd period - Puck is out of play.
3:41 of 3rd period - Riley Nash wins face-off versus Kyle Turris in Flyers zone.
4:13 of 3rd period - Penalty to Barret Jackman is over, Barret Jackman is back on ice.
4:39 of 3rd period - Penalty to Justin Faulk is over, Justin Faulk is back on ice.
5:35 of 3rd period - Slapshot by P.K. Subban.
5:35 of 3rd period - Deflect By Riley Nash.
5:35 of 3rd period - Stopped by Steve Mason without a rebound.
5:36 of 3rd period - Evgeni Malkin wins face-off versus Boone Jenner in Senators zone.
5:40 of 3rd period - Minor Penalty to Boone Jenner for Hooking.
5:41 of 3rd period - Evgeni Malkin wins face-off versus Dave Bolland in Senators zone.
5:51 of 3rd period - Slapshot by Evgeni Malkin.
5:51 of 3rd period - Stopped by Steve Mason without a rebound.
5:52 of 3rd period - Dave Bolland wins face-off versus Evgeni Malkin in Senators zone.
6:03 of 3rd period - Snap shot by Jakub Voracek.
6:03 of 3rd period - Goal by Jakub Voracek - Senators : 3 - Flyers : 3.
6:04 of 3rd period - Bryan Little wins face-off versus Jonathan Toews in neutral zone.
6:25 of 3rd period - Wrist shot by Bryan Little.
6:25 of 3rd period - Deflect By Taylor Hall.
6:25 of 3rd period - Shot Blocked by Tyler Myers.
6:25 of 3rd period - Puck is out of play.
6:26 of 3rd period - Evgeni Malkin wins face-off versus Kyle Turris in Senators zone.
6:44 of 3rd period - Snap shot by Phil Kessel.
6:44 of 3rd period - Shot Blocked by Niklas Kronwall.
6:46 of 3rd period - Snap shot by Johnny Boychuk.
6:46 of 3rd period - Shot Blocked by Justin Faulk.
6:48 of 3rd period - Slapshot by Johnny Boychuk.
6:48 of 3rd period - Shot Misses the Net.
6:50 of 3rd period - Slapshot by Johnny Boychuk.
6:50 of 3rd period - Stopped by Corey Crawford with a rebound.
6:52 of 3rd period - Slapshot by Loui Eriksson.
6:52 of 3rd period - Shot Misses the Net.
6:54 of 3rd period - Wrist shot by Johnny Boychuk.
6:54 of 3rd period - Deflect By Kyle Turris.
6:54 of 3rd period - Shot Blocked by Niklas Kronwall.
6:54 of 3rd period - Puck is out of play.
6:55 of 3rd period - Jarome Iginla wins face-off versus Bryan Little in Flyers zone.
7:32 of 3rd period - Wrist shot by Jarome Iginla.
7:32 of 3rd period - Goal by Jarome Iginla - Senators : 4 - Flyers : 3.
7:33 of 3rd period - Kyle Turris wins face-off versus Evgeni Malkin in neutral zone.
7:52 of 3rd period - Johnny Boychuk is hit by Evgeni Malkin and loses puck.
7:57 of 3rd period - Wrist shot by Jakub Voracek.
7:57 of 3rd period - Shot Blocked by Loui Eriksson.
7:59 of 3rd period - Slapshot by Justin Faulk.
7:59 of 3rd period - Deflect By Dion Phaneuf.
7:59 of 3rd period - Stopped by Steve Mason without a rebound.
8:00 of 3rd period - Jonathan Toews wins face-off versus Bryan Little in Senators zone.
8:17 of 3rd period - Snap shot by Kyle Okposo.
8:17 of 3rd period - Shot Hit the Post.
8:58 of 3rd period - Snap shot by Chris Kreider.
8:58 of 3rd period - Shot Misses the Net.
9:00 of 3rd period - Slapshot by Justin Faulk.
9:00 of 3rd period - Shot Misses the Net.
9:56 of 3rd period - Slapshot by Jakub Voracek.
9:56 of 3rd period - Shot Misses the Net.
9:58 of 3rd period - Slapshot by Slava Voynov.
9:58 of 3rd period - Shot Misses the Net.
10:00 of 3rd period - Snap shot by Evgeni Malkin.
10:00 of 3rd period - Shot Blocked by Zach Bogosian.
10:38 of 3rd period - Snap shot by Phil Kessel.
10:38 of 3rd period - Shot Misses the Net.
11:02 of 3rd period - Kyle Okposo is hit by Dion Phaneuf and loses puck.
11:15 of 3rd period - Wrist shot by Kyle Okposo.
11:15 of 3rd period - Shot Misses the Net.
11:17 of 3rd period - Slapshot by P.K. Subban.
11:17 of 3rd period - Shot Misses the Net.
11:19 of 3rd period - Slapshot by P.K. Subban.
11:19 of 3rd period - Stopped by Steve Mason with a rebound.
11:31 of 3rd period - Boone Jenner is hit by Taylor Hall and loses puck.
11:50 of 3rd period - Dave Bolland is hit by Mark Giordano and loses puck.
12:45 of 3rd period - Slapshot by Justin Faulk.
12:45 of 3rd period - Shot Blocked by Kyle Turris.
13:15 of 3rd period - Wrist shot by Chris Kreider.
13:15 of 3rd period - Deflect By Riley Nash.
13:15 of 3rd period - Shot Misses the Net.
13:15 of 3rd period - Puck is out of play.
13:16 of 3rd period - Bryan Little wins face-off versus Kyle Chipchura in Senators zone.
13:21 of 3rd period - Slapshot by Bryan Little.
13:21 of 3rd period - Stopped by Steve Mason with a rebound.
13:23 of 3rd period - Snap shot by Barret Jackman.
13:23 of 3rd period - Deflect By Kyle Okposo.
13:23 of 3rd period - Shot Blocked by Dion Phaneuf.
13:23 of 3rd period - Puck is out of play.
13:24 of 3rd period - Steve Downie wins face-off versus Kyle Okposo in Senators zone.
13:59 of 3rd period - Snap shot by Taylor Hall.
13:59 of 3rd period - Shot Misses the Net.
14:01 of 3rd period - Backhand shot by Bryan Little.
14:01 of 3rd period - Shot Blocked by Dion Phaneuf.
15:11 of 3rd period - Snap shot by Chris Kreider.
15:11 of 3rd period - Shot Misses the Net.
15:13 of 3rd period - Wrist shot by Gabriel Landeskog.
15:13 of 3rd period - Stopped by Steve Mason with a rebound.
15:15 of 3rd period - Slapshot by Mark Giordano.
15:15 of 3rd period - Shot Blocked by Tyler Myers.
15:17 of 3rd period - Wrist shot by Mark Giordano.
15:17 of 3rd period - Stopped by Steve Mason without a rebound.
15:18 of 3rd period - Boone Jenner wins face-off versus Gabriel Landeskog in Senators zone.
15:25 of 3rd period - Snap shot by Joe Colborne.
15:25 of 3rd period - Stopped by Corey Crawford with a rebound.
15:27 of 3rd period - Snap shot by Joe Colborne.
15:27 of 3rd period - Shot Misses the Net.
15:29 of 3rd period - Slapshot by Johnny Oduya.
15:29 of 3rd period - Deflect By Boone Jenner.
15:29 of 3rd period - Stopped by Corey Crawford with a rebound.
16:24 of 3rd period - Taylor Hall is hit by Jarome Iginla and loses puck.
16:41 of 3rd period - Minor Penalty to Kyle Okposo for Cross-checking.
16:42 of 3rd period - Kyle Turris wins face-off versus Bryan Little in Flyers zone.
16:49 of 3rd period - Wrist shot by Kyle Turris.
16:49 of 3rd period - Shot Misses the Net.
16:51 of 3rd period - Wrist shot by Zach Bogosian.
16:51 of 3rd period - Shot Blocked by Bryan Little.
16:53 of 3rd period - Slapshot by Tyler Myers.
16:53 of 3rd period - Shot Misses the Net.
17:25 of 3rd period - Minor Penalty to Zach Bogosian for Tripping.
17:26 of 3rd period - Jonathan Toews wins face-off versus Evgeni Malkin in Senators zone.
17:41 of 3rd period - Snap shot by Jonathan Toews.
17:41 of 3rd period - Stopped by Corey Crawford with a rebound.
17:49 of 3rd period - Wrist shot by Evgeni Malkin.
17:49 of 3rd period - Shot Misses the Net.
17:51 of 3rd period - Slapshot by Justin Faulk.
17:51 of 3rd period - Stopped by Steve Mason with a rebound.
18:03 of 3rd period - Wrist shot by Evgeni Malkin.
18:03 of 3rd period - Deflect By Taylor Hall.
18:03 of 3rd period - Shot Misses the Net.
18:03 of 3rd period - Puck is out of play.
18:04 of 3rd period - Jonathan Toews wins face-off versus Taylor Hall in Senators zone.
18:16 of 3rd period - Off-side.
18:17 of 3rd period - Evgeni Malkin wins face-off versus Jonathan Toews in neutral zone.
18:40 of 3rd period - Flyers, Corey Crawford is pulled from the net.
18:41 of 3rd period - Penalty to Kyle Okposo is over, Kyle Okposo is back on ice.
18:55 of 3rd period - Slapshot by P.K. Subban.
18:55 of 3rd period - Shot Blocked by Tyler Myers.
18:57 of 3rd period - Slapshot by Mark Giordano.
18:57 of 3rd period - Stopped by Steve Mason without a rebound.
18:58 of 3rd period - Bob Hartley call a timeout for Flyers.
18:58 of 3rd period - Evgeni Malkin wins face-off versus Michael Grabner in Senators zone.
19:25 of 3rd period - Penalty to Zach Bogosian is over, Zach Bogosian is back on ice.
19:36 of 3rd period - Minor Penalty to Taylor Hall for Hooking.
19:37 of 3rd period - Corey Crawford from Flyers was sent back in the game.
19:37 of 3rd period - Jonathan Toews wins face-off versus Bryan Little in Flyers zone.
Goals for this period are 2 for Senators vs 1 for Flyers.
Shots for this period are 6 for Senators vs 10 for Flyers.